[Event "1.Frauenbundesliga 2018-19"]
[Site "Germany"]
[Date "2018.10.27"]
[Round "1"]
[White "Zpevakova, Jana"]
[Black "Zahn, Alina"]
[Result "0-1"]
[ECO "D61"]
[WhiteElo "2056"]
[BlackElo "2096"]
[Annotator "NA RC"]
[PlyCount "120"]
[EventDate "2018.10.27"]
[EventType "team-tourn"]
[EventCountry "GER"]
[SourceTitle "playchess.com"]
[Source "ChessBase"]
[SourceQuality "1"]
[WhiteTeam "SK Schwäbisch Hall"]
[BlackTeam "Hamburger SK"]
[TimeControl "40/5400+30:1800+30"]

1. d4 d5 2. c4 e6 3. Nf3 Nf6 4. Nc3 Be7 5. Bg5 O-O 6. e3 Nbd7 7. Qc2 dxc4 8. Bxc4 a6 9. Bd3 b6 10. Ne5 h6 11. Nc6 Qe8 12. Nxe7+ Qxe7 13. Bh4 Bb7 14. O-O c5 15. Rad1 Rac8 16. Qe2 b5 17. Bb1 cxd4 18. exd4 Qd6 19. Rfe1 Rc4 20. Bg3 Qb6 21. f3 g6 22. Bf4 Kg7 23. Qf2 Rd8 24. Be3 Bd5 25. Ne4 Bxe4 26. fxe4 Ng4 27. Qf3 Nxe3 28. Qxe3 Nf6 29. d5 Qxe3+ 30. Rxe3 exd5 31. exd5 Rxd5 32. Rf1 Rc7 33. Ref3 Ng4 34. h3 Ne5 35. R3f2 Rdd7 36. Kh2 Nc4 37. b3 Nd2 38. Re1 Nxb1 39. Rxb1 Rd6 40. Re1 Rcd7 41. Ree2 h5 42. Re4 Kh6 43. Rc2 f5 44. Re8 h4 45. Kg1 Kg5 46. Kf2 Rd2+ 47. Re2 Rxc2 48. Rxc2 Kf4 49. Re2 g5 50. Rc2 g4 51. hxg4 fxg4 52. a4 Rd3 53. Rc6 Rxb3 54. Rf6+ Kg5 55. Rxa6 Rb2+ 56. Kf1 Kf4 57. axb5 Kg3 58. Ra3+ Kh2 59. Ra4 h3 60. gxh3 g3 0-1

[Event "1.Frauenbundesliga 2018-19"]
[Site "Germany"]
[Date "2018.10.27"]
[Round "1"]
[White "Valkova, Angelika"]
[Black "Marx, Inga"]
[Result "1-0"]
[ECO "D64"]
[WhiteElo "1918"]
[BlackElo "1863"]
[Annotator "NA RC"]
[PlyCount "119"]
[EventDate "2018.10.27"]
[EventType "team-tourn"]
[EventCountry "GER"]
[SourceTitle "playchess.com"]
[Source "ChessBase"]
[SourceQuality "1"]
[WhiteTeam "SF Deizisau"]
[BlackTeam "Tura Harksheise"]
[TimeControl "40/5400+30:1800+30"]

1. d4 d5 2. c4 e6 3. Nc3 Nf6 4. Nf3 Nbd7 5. Bg5 Be7 6. e3 O-O 7. Rc1 c6 8. Qc2 Re8 9. a3 a5 10. Bd3 Nf8 11. O-O Nh5 12. Bxe7 Qxe7 13. c5 g6 14. Rfe1 f5 15. Ne5 Qf6 16. b4 axb4 17. axb4 Nd7 18. f4 g5 19. g4 Ng7 20. Kh1 Rf8 21. Rg1 gxf4 22. g5 Qe7 23. Nxd7 Bxd7 24. exf4 Be8 25. Ra1 Bh5 26. Be2 Qc7 27. Qd2 Kh8 28. Rgf1 Rfb8 29. Ra2 b5 30. Rfa1 Rxa2 31. Rxa2 Bxe2 32. Nxe2 Kg8 33. Nc1 Rb7 34. Ra8+ Rb8 35. Ra5 Rb7 36. Nd3 Nh5 37. Ne5 Qc8 38. Kg2 Rc7 39. Kf3 Qe8 40. Qa2 Rc8 41. Ra6 Ng7 42. Ke3 Kf8 43. Ra7 Kg8 44. Nd7 Nh5 45. Rb7 Ra8 46. Qxa8 Qxa8 47. Rb8+ Qxb8 48. Nxb8 Ng7 49. Nxc6 Ne8 50. h4 Kg7 51. h5 Nc7 52. Kd3 h6 53. g6 Kf8 54. Kc3 Kg7 55. Kb3 Kf8 56. Na7 Kg7 57. c6 e5 58. dxe5 Kf8 59. Kc3 Ke7 60. Kd4 1-0

[Event "1.Frauenbundesliga 2018-19"]
[Site "Germany"]
[Date "2018.10.28"]
[Round "2"]
[White "Zahn, Alina"]
[Black "Valkova, Angelika"]
[Result "1-0"]
[ECO "C00"]
[WhiteElo "2096"]
[BlackElo "1918"]
[Annotator "NA RC"]
[PlyCount "75"]
[EventDate "2018.10.27"]
[EventType "team-tourn"]
[EventCountry "GER"]
[SourceTitle "playchess.com"]
[Source "ChessBase"]
[SourceQuality "1"]
[WhiteTeam "Hamburger SK"]
[BlackTeam "SF Deizisau"]
[TimeControl "40/5400+30:1800+30"]

1. e4 e6 2. d4 d5 3. Bd3 Nf6 4. e5 Nfd7 5. f4 c5 6. c3 Nc6 7. Nf3 cxd4 8. cxd4 f6 9. O-O Be7 10. Ng5 Nf8 11. Qh5+ Kd7 12. Nf3 g6 13. Qh3 Qb6 14. Kh1 f5 15. Rd1 Kd8 16. Nc3 Bd7 17. Rb1 Rc8 18. Be3 Na5 19. Bf2 Ke8 20. Bh4 Qd8 21. g4 Nc4 22. gxf5 gxf5 23. Rg1 Ng6 24. Bxe7 Kxe7 25. Qg3 Rg8 26. Ng5 h6 27. Nh7 Nd2 28. Rbd1 Ne4 29. Bxe4 dxe4 30. Nf6 Rg7 31. Qh3 Qh8 32. Qe3 Nh4 33. Rxg7+ Qxg7 34. Rg1 Qf7 35. d5 exd5 36. Ncxd5+ Ke6 37. Qb3 Rd8 38. Nc7+ 1-0

[Event "1.Frauenbundesliga 2018-19"]
[Site "Germany"]
[Date "2018.10.28"]
[Round "2"]
[White "Marx, Inga"]
[Black "Zpevakova, Jana"]
[Result "0-1"]
[ECO "B10"]
[WhiteElo "1863"]
[BlackElo "2056"]
[Annotator "NA RC"]
[PlyCount "80"]
[EventDate "2018.10.27"]
[EventType "team-tourn"]
[EventCountry "GER"]
[SourceTitle "playchess.com"]
[Source "ChessBase"]
[SourceQuality "1"]
[WhiteTeam "Tura Harksheise"]
[BlackTeam "SK Schwäbisch Hall"]
[TimeControl "40/5400+30:1800+30"]

1. e4 c6 2. Nf3 d5 3. exd5 cxd5 4. Ne5 Nc6 5. Bb5 Bd7 6. Nxd7 Qxd7 7. d4 Nf6 8. c3 e6 9. Nd2 Bd6 10. O-O a6 11. Bd3 O-O 12. f4 Qc7 13. Qe1 g6 14. Nf3 Nh5 15. Ne5 Ng7 16. Ng4 f6 17. Nh6+ Kh8 18. Qh4 Nf5 19. Nxf5 exf5 20. Re1 Kg7 21. Bd2 Rae8 22. Qf2 Qd7 23. Qf3 Bc7 24. Bc2 Na5 25. b3 b5 26. Rxe8 Rxe8 27. Re1 Rxe1+ 28. Bxe1 Qe6 29. Kf1 Kf7 30. g3 Qc6 31. h4 Nb7 32. g4 fxg4 33. Qxg4 f5 34. Qf3 Nd6 35. h5 Ne4 36. hxg6+ hxg6 37. Ke2 Qd6 38. Bd2 Qa3 39. Bb1 Qb2 40. Qd3 Bxf4 0-1

[Event "1.Frauenbundesliga 2018-19"]
[Site "Germany"]
[Date "2019.01.12"]
[Round "5"]
[White "Majdan, Joanna"]
[Black "Mar, Karmen"]
[Result "1-0"]
[ECO "B98"]
[WhiteElo "2386"]
[BlackElo "2063"]
[Annotator "NA"]
[PlyCount "57"]
[EventDate "2018.10.27"]
[EventType "team-tourn"]
[EventCountry "GER"]
[SourceTitle "playchess.com"]
[Source "ChessBase"]
[SourceQuality "1"]
[TimeControl "40/5400+30:1800+30"]

1. e4 c5 2. Nf3 d6 3. d4 cxd4 4. Nxd4 Nf6 5. Nc3 a6 6. Bg5 e6 7. f4 Be7 8. Qf3 Qc7 9. O-O-O Nc6 10. Nxc6 Qxc6 11. Bd3 O-O 12. Kb1 Re8 13. Qh3 e5 14. f5 b5 15. g4 b4 16. Nd5 Qb7 17. Bxf6 Bxf6 18. Nxf6+ gxf6 19. Qh6 Qe7 20. Rhg1 Qf8 21. Qxf6 Qe7 22. Qh6 Qf8 23. Qh4 Qg7 24. g5 Kh8 25. Bc4 Bb7 26. Rxd6 Rad8 27. Rh6 Rd7 28. f6 Qg8 29. g6 1-0

[Event "1.Frauenbundesliga 2018-19"]
[Site "Germany"]
[Date "2019.01.12"]
[Round "5"]
[White "Movsesian, Julia"]
[Black "Kushka, Alena"]
[Result "1-0"]
[ECO "B30"]
[WhiteElo "2305"]
[BlackElo "2165"]
[Annotator "NA"]
[PlyCount "55"]
[EventDate "2018.10.27"]
[EventType "team-tourn"]
[EventCountry "GER"]
[SourceTitle "playchess.com"]
[Source "ChessBase"]
[SourceQuality "1"]
[TimeControl "40/5400+30:1800+30"]

1. Nf3 c5 2. e4 Nc6 3. Nc3 d6 4. Bb5 e5 5. d3 Nf6 6. O-O Be7 7. Ne2 O-O 8. c3 a6 9. Ba4 b5 10. Bc2 Bg4 11. Ng3 Rb8 12. h3 Bd7 13. d4 b4 14. Be3 bxc3 15. bxc3 Qa5 16. d5 Na7 17. c4 Nc8 18. Bd2 Qc7 19. Ne1 a5 20. Nd3 Ne8 21. f4 Bf6 22. Nh5 exf4 23. Nxf6+ Nxf6 24. Rxf4 Ne7 25. Rxf6 gxf6 26. Bc3 f5 27. Bf6 fxe4 28. Qd2 1-0

[Event "1.Frauenbundesliga 2018-19"]
[Site "Germany"]
[Date "2019.01.12"]
[Round "5"]
[White "Gromova, Julia"]
[Black "Spiel, Marianne"]
[Result "1-0"]
[ECO "D30"]
[WhiteElo "2241"]
[BlackElo "1896"]
[Annotator "NA"]
[PlyCount "43"]
[EventDate "2018.10.27"]
[EventType "team-tourn"]
[EventCountry "GER"]
[SourceTitle "playchess.com"]
[Source "ChessBase"]
[SourceQuality "1"]
[TimeControl "40/5400+30:1800+30"]

1. d4 Nf6 2. c4 e6 3. Nf3 d5 4. Bg5 c6 5. e3 Nbd7 6. Nbd2 Bd6 7. Bd3 O-O 8. O-O e5 9. cxd5 cxd5 10. dxe5 Nxe5 11. Nxe5 Bxe5 12. Nf3 Bxb2 13. Bxh7+ Kh8 14. Rb1 Ba3 15. Qa4 Be7 16. Qh4 Nxh7 17. Bxe7 Qe8 18. Bxf8 Qxf8 19. Ng5 Qg8 20. Rfd1 b6 21. Rxd5 g6 22. Rd8 1-0

[Event "1.Frauenbundesliga 2018-19"]
[Site "Germany"]
[Date "2019.01.12"]
[Round "5"]
[White "Schoene, Maria"]
[Black "Schenk, Stefanie"]
[Result "1-0"]
[ECO "B13"]
[WhiteElo "2171"]
[BlackElo "2090"]
[Annotator "NA"]
[PlyCount "91"]
[EventDate "2018.10.27"]
[EventType "team-tourn"]
[EventCountry "GER"]
[SourceTitle "playchess.com"]
[Source "ChessBase"]
[SourceQuality "1"]
[TimeControl "40/5400+30:1800+30"]

1. e4 c6 2. d4 d5 3. exd5 cxd5 4. c4 e6 5. Nf3 Nf6 6. Nc3 Be7 7. c5 b6 8. Bb5+ Bd7 9. cxb6 axb6 10. O-O O-O 11. Bf4 Nh5 12. Bxb8 Bxb5 13. Nxb5 Qxb8 14. Ne5 Nf6 15. Nc6 Qb7 16. Nxe7+ Qxe7 17. Qb3 Rfc8 18. Rfc1 Qd8 19. f3 Rxc1+ 20. Rxc1 Rc8 21. Rxc8 Qxc8 22. Qc3 Qd7 23. a4 h6 24. Qc7 Qxc7 25. Nxc7 Kf8 26. Kf2 Ke7 27. Ke3 Kd7 28. Nb5 Ng8 29. Kd3 Ne7 30. b4 Nc6 31. Kc3 f6 32. f4 g5 33. fxg5 fxg5 34. Na3 Kd6 35. Nc2 e5 36. dxe5+ Kxe5 37. Kd3 h5 38. b5 Na5 39. Nd4 Nc4 40. Nf3+ Kf6 41. Kd4 g4 42. Ne1 Nb2 43. a5 Nc4 44. a6 Nd6 45. Kxd5 Nxb5 46. Kc6 1-0

[Event "1.Frauenbundesliga 2018-19"]
[Site "Germany"]
[Date "2019.01.12"]
[Round "5"]
[White "Winterholler, Christina"]
[Black "Lubbe, Melanie"]
[Result "0-1"]
[ECO "B00"]
[WhiteElo "2040"]
[BlackElo "2342"]
[Annotator "NA"]
[PlyCount "51"]
[EventDate "2018.10.27"]
[EventType "team-tourn"]
[EventCountry "GER"]
[SourceTitle "playchess.com"]
[Source "ChessBase"]
[SourceQuality "1"]
[TimeControl "40/5400+30:1800+30"]

1. e4 d6 2. Nf3 Nf6 3. Nc3 c5 4. d4 cxd4 5. Qxd4 Nc6 6. Bb5 Bd7 7. Bxc6 Bxc6 8. Bg5 e6 9. O-O-O Be7 10. Rhe1 Qa5 11. Kb1 O-O 12. Qd2 Qa6 13. Nd4 Rfd8 14. f3 Rab8 15. g4 b5 16. Rg1 Be8 17. Nce2 Rb6 18. Ng3 Qa4 19. Nh5 Ra6 20. a3 d5 21. Bxf6 Bxf6 22. Nxf6+ gxf6 23. Qh6 dxe4 24. Nf5 Rxd1+ 25. Rxd1 exf5 26. gxf5 0-1

[Event "1.Frauenbundesliga 2018-19"]
[Site "Germany"]
[Date "2019.01.12"]
[Round "5"]
[White "Barpiyeva, Gulsana"]
[Black "Korenova, Martina"]
[Result "0-1"]
[ECO "A05"]
[WhiteElo "2035"]
[BlackElo "2163"]
[Annotator "NA"]
[PlyCount "124"]
[EventDate "2018.10.27"]
[EventType "team-tourn"]
[EventCountry "GER"]
[SourceTitle "playchess.com"]
[Source "ChessBase"]
[SourceQuality "1"]
[TimeControl "40/5400+30:1800+30"]

1. Nf3 Nf6 2. c4 g6 3. Nc3 Bg7 4. d4 O-O 5. e3 d6 6. Be2 Nbd7 7. O-O e5 8. Qc2 Re8 9. b3 Qe7 10. Nb5 e4 11. Nxc7 exf3 12. Bxf3 Rb8 13. Nxe8 Nxe8 14. Bb2 Nf8 15. Rfe1 g5 16. e4 g4 17. Be2 Ng6 18. Bf1 Qg5 19. Rad1 Bd7 20. Bc1 Qh5 21. Qd2 h6 22. b4 Ba4 23. Be2 Bxd1 24. Qxd1 Qh4 25. Bxg4 Nc7 26. Be3 Re8 27. Bf3 a6 28. c5 dxc5 29. bxc5 Nb5 30. g3 Qe7 31. d5 Nc3 32. Qc2 Ne5 33. Bg2 Nc4 34. Qb3 Nxe3 35. d6 Qe5 36. Rxe3 Qxc5 37. d7 Rd8 38. Bh3 b5 39. Bf5 Qc4 40. Qa3 b4 41. Qa5 Bf6 42. Qb6 Kg7 43. e5 Be7 44. e6 Nd5 45. Qa5 Qc1+ 46. Kg2 Nxe3+ 47. fxe3 Qb2+ 48. Kh3 fxe6 49. Bxe6 Qf6 50. Bf5 Rb8 51. e4 b3 52. axb3 Rxb3 53. Qc7 Bd8 54. Qc4 Qh4+ 55. Kg2 Rb2+ 56. Kf3 Qh5+ 57. Ke3 Bb6+ 58. Kf4 Qg5+ 59. Ke5 Qf6+ 60. Kf4 Rf2+ 61. Kg4 Qg5+ 62. Kh3 Qh5# 0-1

[Event "1.Frauenbundesliga 2018-19"]
[Site "Germany"]
[Date "2019.01.12"]
[Round "5"]
[White "Ankerst, Milka"]
[Black "Belenkaya, Dina"]
[Result "0-1"]
[ECO "D03"]
[WhiteElo "2009"]
[BlackElo "2357"]
[Annotator "NA"]
[PlyCount "68"]
[EventDate "2018.10.27"]
[EventType "team-tourn"]
[EventCountry "GER"]
[SourceTitle "playchess.com"]
[Source "ChessBase"]
[SourceQuality "1"]
[TimeControl "40/5400+30:1800+30"]

1. d4 d5 2. Nf3 Nf6 3. Bg5 h6 4. Bh4 c6 5. c3 Bf5 6. Qb3 Qb6 7. Nbd2 Nbd7 8. h3 e6 9. Bg3 Be7 10. e3 O-O 11. Be2 c5 12. dxc5 Bxc5 13. Qxb6 Bxb6 14. Nb3 Ne4 15. Bh2 Rac8 16. Ne5 Rfd8 17. Bf3 Ndc5 18. Nxc5 Nxc5 19. Be2 Na4 20. Bd3 Nxb2 21. Bxf5 exf5 22. Rc1 f6 23. Ng6 Kf7 24. Rc2 Nd3+ 25. Ke2 Nxf2 26. Kxf2 Kxg6 27. Rd1 Kf7 28. Kf3 Ba5 29. Rd3 Rc4 30. Bg3 b5 31. Rb2 a6 32. Be1 Ke6 33. Bd2 Rdc8 34. Ke2 Bxc3 0-1

[Event "1.Frauenbundesliga 2018-19"]
[Site "Germany"]
[Date "2019.01.12"]
[Round "5"]
[White "Mayrhuber, Nikola"]
[Black "Melamed, Tatjana"]
[Result "0-1"]
[ECO "D70"]
[WhiteElo "1984"]
[BlackElo "2368"]
[Annotator "NA"]
[PlyCount "70"]
[EventDate "2018.10.27"]
[EventType "team-tourn"]
[EventCountry "GER"]
[SourceTitle "playchess.com"]
[Source "ChessBase"]
[SourceQuality "1"]
[TimeControl "40/5400+30:1800+30"]

1. d4 Nf6 2. c4 g6 3. Nf3 Bg7 4. g3 O-O 5. Bg2 d6 6. O-O c6 7. Nc3 Qb6 8. e4 Bg4 9. d5 Qa6 10. Qb3 Nbd7 11. Be3 cxd5 12. cxd5 Rfc8 13. Nd2 Nc5 14. Qc2 Bd7 15. f3 Qd3 16. Qxd3 Nxd3 17. Ne2 Rc2 18. Rab1 Ne8 19. b3 Rxa2 20. Nc1 Nxc1 21. Rfxc1 Rc8 22. Nc4 Nc7 23. Bf1 Nb5 24. f4 Nd4 25. Nd2 Rcc2 26. Rxc2 Nxc2 27. Bf2 Na3 28. Rc1 Rxd2 29. Rc7 Bb5 30. Bxb5 Nxb5 31. Rc8+ Bf8 32. f5 gxf5 33. Be3 Rd1+ 34. Kf2 Kg7 35. Ke2 Rb1 0-1

[Event "1.Frauenbundesliga 2018-19"]
[Site "Germany"]
[Date "2019.01.12"]
[Round "5.1"]
[White "Unuk, Laura"]
[Black "Muzychuk, Anna"]
[Result "1/2-1/2"]
[ECO "A80"]
[WhiteElo "2234"]
[BlackElo "2569"]
[Annotator "ChessBase"]
[PlyCount "54"]
[EventDate "2018.10.27"]
[EventType "team-tourn"]
[EventCountry "GER"]
[SourceTitle "playchess.com"]
[Source "ChessBase"]
[SourceQuality "1"]
[TimeControl "40/5400+30:1800+30"]

1. d4 f5 2. Nc3 Nf6 3. Bg5 d5 4. e3 e6 5. Nf3 Be7 6. Bd3 O-O 7. Ne2 Ne4 8. Bxe7 Qxe7 9. O-O Nd7 10. c4 g5 11. Ne5 c6 12. f3 Nxe5 13. dxe5 Nc5 14. Rc1 Bd7 15. Bb1 Rfd8 16. b4 Na6 17. a3 dxc4 18. Rxc4 c5 19. bxc5 Bb5 20. Rd4 Nxc5 21. Re1 Rd7 22. Rxd7 Qxd7 23. Nd4 Bc4 24. Qc2 b5 25. Ba2 Bxa2 26. Qxa2 f4 27. Rc1 Nd3 1/2-1/2

[Event "1.Frauenbundesliga 2018-19"]
[Site "Germany"]
[Date "2019.01.12"]
[Round "5.2"]
[White "Kosteniuk, Alexandra"]
[Black "Antolak, Julia"]
[Result "1-0"]
[ECO "E94"]
[WhiteElo "2537"]
[BlackElo "2183"]
[Annotator "ChessBase"]
[PlyCount "73"]
[EventDate "2018.10.27"]
[EventType "team-tourn"]
[EventCountry "GER"]
[SourceTitle "playchess.com"]
[Source "ChessBase"]
[SourceQuality "1"]
[TimeControl "40/5400+30:1800+30"]

1. d4 Nf6 2. c4 g6 3. Nc3 Bg7 4. e4 d6 5. Nf3 O-O 6. Be2 e5 7. O-O Nbd7 8. Be3 Re8 9. dxe5 dxe5 10. b4 a5 11. a3 b6 12. c5 axb4 13. axb4 Rxa1 14. Qxa1 bxc5 15. bxc5 Bb7 16. Bc4 h6 17. Qa4 Qa8 18. Qb3 Rf8 19. Nh4 Nxe4 20. Nxe4 Bxe4 21. f3 Qd8 22. Bxf7+ Kh7 23. g3 Bf5 24. Nxf5 gxf5 25. c6 Nb8 26. Bc5 Rh8 27. Be6 Bf8 28. Bxf5+ Kg7 29. Bxf8+ Qxf8 30. Be4 Qc5+ 31. Kg2 Nxc6 32. Qe6 Ne7 33. Rd1 Rf8 34. Rd7 Rf7 35. Bg6 Rf6 36. Rxe7+ Kxg6 37. Qg4# 1-0

[Event "1.Frauenbundesliga 2018-19"]
[Site "Germany"]
[Date "2019.01.12"]
[Round "5.4"]
[White "Zatonskih, Anna"]
[Black "Brandt, Carina"]
[Result "1-0"]
[ECO "A49"]
[WhiteElo "2428"]
[BlackElo "2093"]
[Annotator "NA"]
[PlyCount "51"]
[EventDate "2018.10.27"]
[EventType "team-tourn"]
[EventCountry "GER"]
[SourceTitle "playchess.com"]
[Source "ChessBase"]
[SourceQuality "1"]
[TimeControl "40/5400+30:1800+30"]

1. d4 Nf6 2. Nf3 g6 3. g3 Bg7 4. Bg2 O-O 5. O-O d6 6. Re1 Nc6 7. e4 e5 8. c3 Nd7 9. Na3 a5 10. Be3 f5 11. Bg5 Bf6 12. Bxf6 Rxf6 13. exf5 Rxf5 14. Nc4 Qf8 15. dxe5 Ndxe5 16. Nfxe5 Nxe5 17. Nxe5 dxe5 18. Qd5+ Kg7 19. Rxe5 Rxf2 20. Qd4 Rf6 21. Rae1 Bf5 22. Re7+ Kh8 23. Re8 Rxe8 24. Rxe8 Qxe8 25. Qxf6+ Kg8 26. Bd5+ 1-0

[Event "1.Frauenbundesliga 2018-19"]
[Site "Germany"]
[Date "2019.01.12"]
[Round "5.5"]
[White "Sherif, Amina"]
[Black "Arakhamia-Grant, Ketevan"]
[Result "0-1"]
[ECO "B32"]
[WhiteElo "1950"]
[BlackElo "2372"]
[Annotator "NA"]
[PlyCount "130"]
[EventDate "2018.10.27"]
[EventType "team-tourn"]
[EventCountry "GER"]
[SourceTitle "playchess.com"]
[Source "ChessBase"]
[SourceQuality "1"]
[TimeControl "40/5400+30:1800+30"]

1. e4 c5 2. Nf3 Nc6 3. d4 cxd4 4. Nxd4 e5 5. Nb5 d6 6. c4 Be7 7. N1c3 a6 8. Na3 Be6 9. Bd3 Bg5 10. Nc2 h6 11. O-O Nf6 12. h3 O-O 13. Be3 Bxe3 14. Nxe3 Nd4 15. b3 Rb8 16. Ne2 Qb6 17. Rc1 Rfc8 18. Nxd4 Qxd4 19. Bb1 Qc5 20. Qd2 a5 21. Rfd1 Rd8 22. Nd5 Bxd5 23. cxd5 Qb6 24. Rc3 Nd7 25. Rdc1 Qb4 26. Qe2 Nf6 27. Rc4 Qb6 28. Bd3 Nd7 29. Qg4 Nc5 30. Be2 Qc7 31. R4c3 Qe7 32. Bb5 g6 33. a3 h5 34. Qf3 Qg5 35. R1c2 Qh4 36. Rc4 Qf4 37. Qxf4 exf4 38. b4 axb4 39. axb4 Nd3 40. f3 Ra8 41. Kf1 Ne5 42. Rc7 Rdb8 43. Ke2 Kg7 44. h4 Ra3 45. R2c3 Ra2+ 46. Rc2 Rba8 47. Rxa2 Rxa2+ 48. Kf1 Ra1+ 49. Kf2 Ra2+ 50. Kf1 Rb2 51. Rxb7 Rxb4 52. Ba6 Rxb7 53. Bxb7 f6 54. Kf2 g5 55. hxg5 fxg5 56. g3 Kf6 57. gxf4 Nd3+ 58. Kg3 Nxf4 59. Bc8 Ke5 60. Bf5 Nxd5 61. Bg6 Nf6 62. Bf7 h4+ 63. Kg2 Kf4 64. Bg6 Nd7 65. Bh5 Ne5 0-1

[Event "1.Frauenbundesliga 2018-19"]
[Site "Germany"]
[Date "2019.01.12"]
[Round "5.6"]
[White "Tammert, Iamze"]
[Black "Waechter, Nathalie"]
[Result "1-0"]
[ECO "A13"]
[WhiteElo "2280"]
[BlackElo "2055"]
[Annotator "NA"]
[PlyCount "59"]
[EventDate "2018.10.27"]
[EventType "team-tourn"]
[EventCountry "GER"]
[SourceTitle "playchess.com"]
[Source "ChessBase"]
[SourceQuality "1"]
[TimeControl "40/5400+30:1800+30"]

1. c4 e6 2. Nf3 d5 3. e3 Nf6 4. b3 c5 5. Bb2 Nc6 6. d4 b6 7. cxd5 exd5 8. Ne5 Bb7 9. Bb5 Qc7 10. Nc3 a6 11. Bxc6+ Bxc6 12. Nxc6 Qxc6 13. dxc5 Bxc5 14. O-O O-O 15. Ne2 Rad8 16. Bd4 Rfe8 17. Rc1 Qd6 18. Qd3 Ng4 19. g3 Qh6 20. h4 Bxd4 21. Nxd4 Nxe3 22. Rc6 Rd6 23. Rxd6 Qxd6 24. Re1 Qa3 25. Rxe3 Rc8 26. Nf5 Rf8 27. Qd4 f6 28. Qxd5+ Kh8 29. Qb7 Rg8 30. Re8 1-0

[Event "1.Frauenbundesliga 2018-19"]
[Site "Germany"]
[Date "2019.01.12"]
[Round "5.9"]
[White "Hoolt, Sarah"]
[Black "Muetsch, Annmarie"]
[Result "1-0"]
[ECO "B20"]
[WhiteElo "2358"]
[BlackElo "2259"]
[Annotator "NA"]
[PlyCount "71"]
[EventDate "2018.10.27"]
[EventType "team-tourn"]
[EventCountry "GER"]
[SourceTitle "playchess.com"]
[Source "ChessBase"]
[SourceQuality "1"]
[TimeControl "40/5400+30:1800+30"]

1. e4 c5 2. d3 Nc6 3. g3 g6 4. Bg2 Bg7 5. f4 d6 6. Nf3 e6 7. c3 Nge7 8. O-O O-O 9. Be3 b6 10. Bf2 Bb7 11. Re1 Qc7 12. d4 cxd4 13. cxd4 d5 14. e5 Qd7 15. Nc3 Na5 16. Bf1 Rfc8 17. Rc1 Rc7 18. b3 Bf8 19. Qd2 Rac8 20. g4 Bc6 21. Bd3 Rb8 22. Qe2 Qc8 23. Be3 Qb7 24. Nh4 Bd7 25. f5 b5 26. fxe6 fxe6 27. Rf1 Bg7 28. Bg5 b4 29. Bxe7 Rxc3 30. Rxc3 bxc3 31. Bd6 Nc6 32. Nf3 Bf8 33. Bxb8 Nxb8 34. Ng5 Qc8 35. Qf2 Qe8 36. Nxh7 1-0

[Event "1.Frauenbundesliga 2018-19"]
[Site "Germany"]
[Date "2019.01.12"]
[Round "5.10"]
[White "Mader, Manuela"]
[Black "Osmanodja, Filiz"]
[Result "0-1"]
[ECO "C68"]
[WhiteElo "2166"]
[BlackElo "2318"]
[Annotator "NA"]
[PlyCount "76"]
[EventDate "2018.10.27"]
[EventType "team-tourn"]
[EventCountry "GER"]
[SourceTitle "playchess.com"]
[Source "ChessBase"]
[SourceQuality "1"]
[TimeControl "40/5400+30:1800+30"]

1. e4 e5 2. Nf3 Nc6 3. Bb5 a6 4. Bxc6 dxc6 5. O-O Bg4 6. h3 h5 7. d3 Qf6 8. Nbd2 g5 9. Nc4 Bxf3 10. Qxf3 Qxf3 11. gxf3 f6 12. c3 O-O-O 13. Rd1 Ne7 14. Be3 Ng6 15. Kf1 Be7 16. d4 Rdf8 17. b4 exd4 18. cxd4 f5 19. Ke2 f4 20. Bd2 g4 21. Rg1 gxf3+ 22. Kxf3 Rhg8 23. Ne5 Nh4+ 24. Ke2 f3+ 25. Ke3 Ng2+ 26. Kd3 Bh4 27. Be3 Rf6 28. a4 a5 29. bxa5 Bg5 30. Bxg5 Rxg5 31. Kd2 Rg8 32. Ra3 Rd8 33. Nxf3 Nf4 34. e5 Rf5 35. h4 Nh3 36. Rg2 c5 37. Ke1 cxd4 38. Rg3 Nf4 0-1

[Event "1.Frauenbundesliga 2018-19"]
[Site "Germany"]
[Date "2019.01.12"]
[Round "5.11"]
[White "Fuchs, Judith"]
[Black "Scheynin, Julia"]
[Result "1-0"]
[ECO "D02"]
[WhiteElo "2249"]
[BlackElo "1998"]
[Annotator "NA"]
[PlyCount "71"]
[EventDate "2018.10.27"]
[EventType "team-tourn"]
[EventCountry "GER"]
[SourceTitle "playchess.com"]
[Source "ChessBase"]
[SourceQuality "1"]
[TimeControl "40/5400+30:1800+30"]

1. d4 d5 2. Bf4 e6 3. e3 Nf6 4. Nf3 c5 5. c3 Nc6 6. Nbd2 a6 7. Bd3 Bd6 8. Bg3 Bxg3 9. hxg3 c4 10. Bc2 h6 11. Qe2 b5 12. e4 Ne7 13. e5 Nd7 14. g4 b4 15. g5 bxc3 16. bxc3 Rb8 17. gxh6 Rb2 18. O-O-O Rxa2 19. hxg7 Rg8 20. Nb1 Qb6 21. Kd2 Qb2 22. Rc1 Rxg7 23. Rh8+ Nf8 24. g3 Neg6 25. Rh2 Bd7 26. Kd1 Kd8 27. Qd2 Ba4 28. Bxa4 Qxd2+ 29. Nbxd2 Rxa4 30. Rb1 Ra5 31. Ng5 Nxe5 32. dxe5 Rxg5 33. Rh8 Ke7 34. Nf3 Rg7 35. Rb8 Ng6 36. Rb7# 1-0

[Event "1.Frauenbundesliga 2018-19"]
[Site "Germany"]
[Date "2019.01.12"]
[Round "5.12"]
[White "Basovskiy, Jana"]
[Black "Baciu, Diana"]
[Result "0-1"]
[ECO "A08"]
[WhiteElo "1768"]
[BlackElo "2281"]
[Annotator "NA"]
[PlyCount "120"]
[EventDate "2018.10.27"]
[EventType "team-tourn"]
[EventCountry "GER"]
[SourceTitle "playchess.com"]
[Source "ChessBase"]
[SourceQuality "1"]
[TimeControl "40/5400+30:1800+30"]

1. e4 e6 2. d3 d5 3. Nd2 c5 4. g3 Nc6 5. Bg2 g6 6. c3 Bg7 7. Ngf3 Nge7 8. O-O O-O 9. Qc2 b6 10. Rd1 Qc7 11. Nf1 Bb7 12. h4 Rad8 13. Bf4 e5 14. Be3 h6 15. N1h2 f5 16. Ne1 Kh8 17. Bd2 Qd6 18. Qc1 Kh7 19. Qc2 Qf6 20. exf5 Qxf5 21. Be3 Qf7 22. Qe2 Nf5 23. Ng4 Rde8 24. Bd2 Ba6 25. Qf3 e4 26. dxe4 dxe4 27. Qf4 Qe6 28. Ne3 Nd6 29. Qg4 Qxg4 30. Nxg4 Be2 31. Bf4 Nc4 32. Ne3 Nxe3 33. Bxe3 Bxd1 34. Rxd1 Rf7 35. Nc2 Na5 36. Na3 Nb7 37. Kf1 Rfe7 38. Nc4 b5 39. Nd2 a6 40. Ke2 Kg8 41. Nb3 c4 42. Nd2 Re6 43. Bh3 Rd6 44. Bg2 Rde6 45. Bh3 Re5 46. Bg2 g5 47. hxg5 hxg5 48. Bd4 R5e6 49. Bh3 Rh6 50. Bd7 Re7 51. Bxg7 Kxg7 52. Bc8 Nd6 53. Bg4 e3 54. fxe3 Rh2+ 55. Kf1 Rxe3 56. Kg1 Rh6 57. Kf2 Rd3 58. Be2 Rh2+ 59. Ke1 Re3 60. Nf3 Rexe2+ 0-1

[Event "1.Frauenbundesliga 2018-19"]
[Site "Germany"]
[Date "2019.01.13"]
[Round "6"]
[White "Melamed, Tatjana"]
[Black "Majdan, Joanna"]
[Result "1/2-1/2"]
[ECO "C41"]
[WhiteElo "2368"]
[BlackElo "2386"]
[Annotator "NA"]
[PlyCount "54"]
[EventDate "2018.10.27"]
[EventType "team-tourn"]
[EventCountry "GER"]
[SourceTitle "playchess.com"]
[Source "ChessBase"]
[SourceQuality "1"]
[TimeControl "40/5400+30:1800+30"]

1. e4 d6 2. d4 Nf6 3. Nc3 e5 4. Nf3 Nbd7 5. Bc4 Be7 6. O-O O-O 7. Re1 c6 8. a4 a5 9. h3 Nb6 10. Bf1 exd4 11. Nxd4 d5 12. e5 Ne8 13. Bd3 g6 14. Bh6 Ng7 15. Qf3 f6 16. e6 f5 17. Rad1 Bc5 18. Bxg7 Kxg7 19. Nce2 Qf6 20. Qf4 Re8 21. Nb3 Be7 22. Ng3 Kh8 23. c3 Qh4 24. Qe5+ Qf6 25. Qf4 Qh4 26. Qe5+ Qf6 27. Qf4 Kg8 1/2-1/2